 Dungeon Crawl Stone Soup version 0.23.1 (webtiles) character file.

Game seed: 0

18730 Fang the Fighter (level 12, -9/56 HPs)
             Began as a Gargoyle Berserker on Mar 15, 2019.
             Was a High Priest of Trog.
             Mangled by a tentacled starspawn (12 damage)
             ... on level 2 of the Abyss.
             The game lasted 00:21:34 (12932 turns).

Fang the Fighter (Gargoyle Berserker)              Turns: 12932, Time: 00:21:35

Health: -9/56      AC: 24    Str: 32      XL:     12   Next: 61%
Magic:  0/12       EV: 10    Int:  7 (8)  God:    Trog [*****.]
Gold:   968        SH:  0    Dex:  6 (7)  Spells: 11/11 levels left

rFire    . . .     SeeInvis .   I - +2 war axe (chop)
rCold    + . .     Gourm    .   (no shield)
rNeg     + . .     Faith    .   H - +3 plate armour
rPois    ∞         Spirit   +   h - +1 helmet
rElec    +         Reflect  .   A - scarf {repulsion}
rCorr    .         Harm     .   (no gloves)
MR       .....     Rnd*Rage +   (no boots)
Stlth    ..........             J - amulet of guardian spirit
HPRegen  0.18/turn              i - +6 ring of strength
MPRegen  0.13/turn              z - ring of protection from cold

@: repel missiles
A: [berserk 2], [blurry vision 3], [clumsy 1], [deformed body], [deterioration
2], [frail 3], negative energy resistance 1, electricity resistance,
unbreathing, petrification resistance, rot immunity, [subdued magic 3], AC +8
a: Berserk, Trog's Hand, Brothers in Arms, Renounce Religion


You were on level 2 of the Abyss.
You worshipped Trog.
Trog was extremely pleased with you.
You were very hungry.

You visited 3 branches of the dungeon, and saw 14 of its levels.
You visited the Abyss 1 time.
You also visited: Ossuary.

You collected 968 gold pieces.

Inventory:

Hand Weapons
 m - a +0 battleaxe
 p - a +2 war axe
 y - a +0 antimagic executioner's axe
 I - a +2 war axe of chopping (weapon)
Armour
 h - a +1 helmet (worn)
 A - a scarf of repulsion (worn)
 H - a +3 plate armour (worn)
Jewellery
 i - a +6 ring of strength (left hand)
 q - a +6 ring of strength
 r - a +2 amulet of reflection
 x - an uncursed ring of resist corrosion
 z - a ring of protection from cold (right hand)
 J - an amulet of guardian spirit (around neck)
 N - an uncursed ring of flight
Wands
 a - a wand of random effects (36)
 g - a wand of paralysis (18)
 n - a wand of iceblast (5)
 v - a wand of polymorph (16)
 w - a wand of enslavement (7)
 B - a wand of acid (7)
Scrolls
 b - 5 scrolls of blinking
 e - a scroll of fear
 k - a scroll of fog
 o - 4 scrolls of remove curse
 u - 7 scrolls of teleportation
 G - a scroll of magic mapping
 L - 3 scrolls of identify
Potions
 d - 3 potions of agility
 f - 2 potions of brilliance
 j - 4 potions of haste
 l - 11 potions of curing
 s - 5 potions of heal wounds
 t - a potion of mutation
 C - 2 potions of might
 D - a potion of cancellation
 E - 2 potions of invisibility
 F - a potion of ambrosia
Comestibles
 c - 21 rations


   Skills:
 + Level 11.6 Fighting
 + Level 9.9 Axes
 + Level 11.3 Armour
 + Level 8.9 Dodging


You had 11 spell levels left.
You didn't know any spells.
Your spell library was empty.

Dungeon Overview and Level Annotations

Branches:
Dungeon (10/15)            Temple (1/1) D:4            Lair (3/6) D:9
    Orc (0/2) D:9
  Swamp: Lair:2-4    Shoals: Lair:2-4     Snake: Lair:2-4    Spider: Lair:2-4

Altars:
Cheibriados
Dithmenos
Elyvilon
Hepliaklqana
Kikubaaqudgha
Nemelex Xobeh
Okawaru
Ru
Trog
Uskayaw
Vehumet
Wu Jian
Xom
Zin
The Shining One

Shops:
D:5 :

Annotations:
Lair:1 3 runed translucent doors, Venienar's ghost, journeyman CeEn
Lair:3 Sonja


Innate Abilities, Weirdness & Mutations

You are resistant to torment.
Your stone body is resilient. (AC +8)
You are immune to poison.
You resist negative energy. (rN+)
You are resistant to electric shocks. (rElec)
You can survive without breathing.
You are immune to petrification.
You are immune to rotting.
[You often lose your temper in combat.]
[Scrolls take you much longer to read.]
[You are clumsy. (Dex -2)]
[Armour fits poorly on your strangely shaped body.]
[Your body often deteriorates upon taking damage.]
[You are extremely frail. (-30% HP)]
[Your spells are much easier to cast, but much less powerful.]


Message History

The tentacled starspawn is heavily damaged.
You hit the starspawn tentacle but do no damage.
You barely miss the wretched star. The tentacled starspawn bites you.
* * * LOW HITPOINT WARNING * * *
The tentacled starspawn misses you. The starspawn tentacle grabs you.
* * * LOW HITPOINT WARNING * * *
The starspawn tentacle constricts you.
You slash the tentacled starspawn!
The starspawn tentacle loses its grip on you.
The tentacled starspawn is severely damaged.
You slash the starspawn tentacle!
You hit the wretched star but do no damage.
A tentacle flies out from the starspawn's body!
The starspawn tentacle barely misses you.
A starspawn tentacle comes into view.
You hit the tentacled starspawn but do no damage.
The tentacled starspawn is severely damaged.
You slash the starspawn tentacle! You barely miss the wretched star.
The tentacled starspawn bites you!
You die...

# #.####. ###
.#..# # #
.##.##.# #
..####.......## .
.#...#.w...).###.
. ..#...Λ│#......
... #..
..#X*........ ...
.... #@......#.#
# ##..w.#....[.#.
.#
.....#5....#.##..
. ...# ..###...#
#. . .#...## .
### #..# #. #.#
## . . .# . .


You could see a tentacled starspawn, a wretched star, 2 starspawn tentacles and
a white imp.

Vanquished Creatures
  A catoblepas (Lair:2)
  A two-headed ogre (D:10)
  A wretched star (Abyss:2)
  A smoke demon (Abyss:2)
  A black mamba (Lair:2)
  3 spiny frogs (Lair:1)
  A kobold demonologist (D:9)
  2 komodo dragons
  2 trolls (D:9)
  5 blink frogs (Lair:1)
  Grinder (D:6)
  5 hippogriffs
  A basilisk (Lair:2)
  The ghost of animeman360 the Twirler, an amateur MiGl (D:4)
  9 yaks
  A steam dragon (D:9)
  A hungry ghost (D:10)
  An acid dragon (D:10)
  Edmund (D:6)
  4 porcupines
  An ice beast (D:7)
  3 sky beasts
  An orc warrior (D:9)
  An eye of draining (D:10)
  A phantom (D:7)
  6 wolves (Lair:2)
  9 ogres
  5 centaurs
  5 crocodiles
  18 big kobolds
  3 gnoll sergeants
  A wyvern zombie (D:10)
  9 bullfrogs
  A water moccasin zombie (Ossuary)
  3 scorpions
  12 killer bees
  5 wights (D:7)
  A howler monkey (D:6)
  2 centaur zombies
  5 bullfrog zombies
  5 crimson imps
  8 hounds
  2 jellies (D:9)
  8 orc priests
  Crazy Yiuf (D:6)
  11 orc wizards
  3 centaur skeletons
  4 iguanas
  13 mummies (Ossuary)
  3 bullfrog skeletons
  Terence (D:3)
  10 worker ants
  A killer bee zombie (D:6)
  A hound zombie (Ossuary)
  Robin (D:2)
  3 worker ant zombies (Ossuary)
  13 adders
  15 gnolls
  A howler monkey skeleton (D:3)
  3 shadow imps
  An ooze (D:3)
  An adder skeleton (D:4)
  5 adder zombies
  5 worms
  A dart slug (D:1)
  7 leopard geckos
  35 orcs
  3 bats
  6 giant cockroaches
  15 goblins
  9 hobgoblins
  4 jackals
  32 kobolds
  3 quokkas
  A ball python (D:3)
  A ball python skeleton (D:5)
  A frilled lizard (D:3)
  2 giant cockroach zombies (Ossuary)
  2 leopard gecko zombies
  A quokka skeleton (D:8)
  7 rats
  A plant (Lair:1)
385 creatures vanquished.

Vanquished Creatures (collateral kills)
  2 hydras
  The ghost of DwarfTone the Magician, a novice DEAr of Sif Muna (D:7)
  A hungry ghost (D:10)
  An ogre (D:9)
  3 big kobolds (D:9)
  2 gnoll sergeants (D:9)
  An orc priest (D:10)
  3 gnolls (D:9)
  A shadow imp (D:7)
  2 orcs
17 creatures vanquished.

Vanquished Creatures (others)
  A fungus (Lair:1)
  A starspawn tentacle (Abyss:2)
  2 withered plants (Ossuary)
4 creatures vanquished.

Grand Total: 406 creatures vanquished

Notes
Turn   | Place    | Note
-------+----------+-------------------------------------------
     0 | D:1      | Fang the Gargoyle Berserker began the quest for the Orb.
     0 | D:1      | Reached XP level 1. HP: 14/14 MP: 1/1
    75 | D:1      | Reached XP level 2. HP: 19/19 MP: 2/2
   841 | D:2      | Noticed Robin
   845 | D:2      | Reached XP level 3. HP: 23/23 MP: 3/3
   849 | D:2      | Killed Robin
   851 | D:2      | Reached ** piety under Trog
  1140 | D:2      | Found a shadowy altar of Dithmenos.
  1214 | D:2      | Reached XP level 4. HP: 23/29 MP: 4/4
  1645 | D:3      | Reached XP level 5. HP: 32/33 MP: 5/5
  1769 | D:3      | Found a bloodstained altar of Trog.
  1781 | D:3      | Found an iron altar of Okawaru.
  1837 | D:3      | Found a faded altar of an unknown god.
  2060 | D:3      | Reached *** piety under Trog
  2115 | D:3      | Noticed Terence
  2121 | D:3      | Killed Terence
  2241 | D:4      | Found a hazy altar of Hepliaklqana.
  2276 | D:4      | Found a staircase to the Ecumenical Temple.
  2285 | D:4      | Reached XP level 6. HP: 36/39 MP: 6/6
  2323 | D:4      | Found a sand-covered staircase.
  2346 | Ossuary  | Entered an ossuary
  2490 | Ossuary  | Reached skill level 5 in Fighting
  2493 | Ossuary  | Reached XP level 7. HP: 27/44 MP: 7/7
  2950 | Ossuary  | Reached skill level 5 in Armour
  3102 | D:4      | Reached XP level 8. HP: 51/51 MP: 8/8
  3142 | Temple   | Entered the Ecumenical Temple
  3206 | D:4      | Reached **** piety under Trog
  3206 | D:4      | Reached skill level 5 in Axes
  3433 | D:4      | Found a runed translucent gate.
  3436 | D:4      | Found a runed translucent gate.
  3437 | D:4      | Found a runed translucent gate.
  3469 | D:4      | Noticed animeman360's ghost (amateur MiGl)
  4034 | D:4      | Killed animeman360's ghost
  4097 | D:5      | Entered Level 5 of the Dungeon
  4097 | D:5      | Found Leceg's Book Shop.
  4189 | D:5      | Found a glowing golden altar of the Shining One.
  4355 | D:5      | Found a hide-covered altar of Uskayaw.
  4357 | D:5      | Found a sacrificial altar of Ru.
  4357 | D:5      | Found a basalt altar of Yredelemnul.
  4359 | D:5      | Found a shimmering altar of Xom.
  4359 | D:5      | Found a white marble altar of Elyvilon.
  4359 | D:5      | Found an ancient bone altar of Kikubaaqudgha.
  4616 | D:5      | Reached ***** piety under Trog
  4620 | D:5      | Reached XP level 9. HP: 48/56 MP: 9/9
  4750 | D:6      | Noticed Edmund
  4751 | D:6      | Found an ornate altar of the Wu Jian Council.
  4810 | D:6      | Killed Edmund
  4810 | D:6      | Reached skill level 5 in Dodging
  4935 | D:6      | Noticed Grinder
  4962 | D:6      | Killed Grinder
  5480 | D:6      | Found a sparkling altar of Nemelex Xobeh.
  5526 | D:6      | Found a runed translucent door.
  5527 | D:6      | Noticed Crazy Yiuf
  5700 | D:6      | Found a glowing silver altar of Zin.
  5954 | D:6      | Killed Crazy Yiuf
  6107 | D:7      | Found a radiant altar of Vehumet.
  6398 | D:7      | Found a snail-covered altar of Cheibriados.
  6432 | D:7      | Reached XP level 10. HP: 57/64 MP: 10/10
  6530 | D:7      | Found an ancient bone altar of Kikubaaqudgha.
  6601 | D:7      | Noticed DwarfTone's ghost (novice DEAr)
  6606 | D:7      | Found a transporter.
  6747 | D:7      | Found a transporter.
  7013 | D:7      | Killed DwarfTone's ghost
  7013 | D:7      | Received a gift from Trog
  7195 | D:8      | Found a hide-covered altar of Uskayaw.
  8334 | D:9      | Received a gift from Trog
  8335 | D:9      | Found a staircase to the Lair.
  8410 | D:9      | Found a staircase to the Orcish Mines.
  8430 | D:9      | Reached XP level 11. HP: 34/71 MP: 3/11
  8796 | D:9      | Reached skill level 10 in Fighting
  8944 | D:10     | Entered Level 10 of the Dungeon
  8955 | D:10     | Paralysed by fainting for 8 turns
  9538 | D:10     | Reached skill level 10 in Armour
  9915 | D:10     | Noticed a two-headed ogre
  9922 | D:10     | Killed a two-headed ogre
  9993 | D:10     | Received a gift from Trog
 10390 | Lair:1   | Entered Level 1 of the Lair of Beasts
 10585 | Lair:1   | Reached XP level 12. HP: 44/79 MP: 4/12
 10909 | Lair:1   | Noticed Venienar's ghost (journeyman CeEn)
 10914 | Lair:1   | Noticed a minotaur
 10931 | Lair:1   | Found a runed translucent gate.
 10931 | Lair:1   | Found a runed translucent gate.
 10931 | Lair:1   | Found a runed translucent gate.
 11245 | Lair:1   | Noticed a six-headed hydra
 11246 | Lair:1   | Found a hazy altar of Hepliaklqana.
 11250 | Lair:1   | Killed a six-headed hydra
 11861 | Lair:2   | Noticed a five-headed hydra
 11867 | Lair:2   | Killed a seven-headed hydra
 12023 | Lair:2   | Noticed a catoblepas
 12041 | Lair:2   | Killed a catoblepas
 12757 | Lair:3   | Noticed Sonja
 12772 | Lair:3   | Cast into level 2 of the Abyss (Sonja)
 12831 | Abyss:2  | Noticed a wretched star
 12851 | Abyss:2  | Killed a wretched star
 12913 | Abyss:2  | Noticed a wretched star
 12918 | Abyss:2  | Noticed a tentacled starspawn
 12932 | Abyss:2  | Mangled by a tentacled starspawn

Skill      XL: |  1  2  3  4  5  6  7  8  9 10 11 12 |
---------------+-------------------------------------+-----
Axes           | 3 4 5 6 8 9 |  9.9
Dodging        | 2 3 4 5 7 8 |  8.9
Armour         | 3 4 5 6 7 9 10 11 | 11.3
Fighting       | 4 5 6 8 9 10 11 | 11.6

Action                   |  1- 3 |  4- 6 |  7- 9 | 10-12 || total
-------------------------+-------+-------+-------+-------++-------
Melee: Hand axe          |   110 |   176 |   511 |       ||   797
       War axe           |       |       |   128 |   324 ||   452
       Executioner's axe |       |       |       |   317 ||   317
Invok: Berserk           |     1 |     3 |     2 |     4 ||    10
       Trog's Hand       |       |     1 |     1 |     2 ||     4
       Brothers in Arms  |       |       |       |     5 ||     5
  Use: Scroll            |       |       |    20 |     9 ||    29
 Stab: Sleeping          |     2 |       |       |       ||     2
  Eat: Chunk             |     2 |     6 |    14 |    29 ||    51
       Ration            |       |       |     1 |     2 ||     3
Armor: Animal skin       |    45 |       |       |       ||    45
       Chain mail        |       |   102 |    77 |       ||   179
       Plate armour      |       |       |   363 |   776 ||  1139
Dodge: Dodged            |    65 |    85 |   310 |   659 ||  1119
       Deflected         |       |       |       |    12 ||    12
Block: Other             |       |     7 |    39 |    65 ||   111
       Reflection        |       |       |       |     2 ||     2
